 Dungeon Crawl Stone Soup version 0.16-a0-3134-g9b1347a (webtiles) character file.

430 Kemay the Insei (level 6, -4/38 HPs)
             Began as an Octopode Transmuter on Dec 14, 2014.
             Killed by an exploding giant spore (26 damage)
             ... on level 3 of the Dungeon.
             The game lasted 00:16:01 (4543 turns).

Kemay the Insei (Octopode Transmuter)               Turns: 4543, Time: 00:16:01

Health: -4/38      AC:  1    Str:  9    XL:     6   Next: 99%
Magic:  12/12      EV: 16    Int: 17    God:
Gold:   198        SH:  0    Dex: 13    Spells: 2 memorised, 5 levels left

rFire  . . .     SeeInvis .     m - +2 dagger (venom)
rCold  . . .     Clarity  .     (no shield)
rNeg   . . .     SustAb   .     (helmet restricted)
rPois  .         Gourm    .     (no amulet)
rElec  .         Spirit   .     i - +3 ring of evasion
rCorr  .         Warding  .     (no ring)
rMut   .         Stasis   .     (no ring)
MR     .....                    (no ring)
Stlth  ++........               (no ring)
                                (no ring)
                                (no ring)
                                (no ring)

@: confused, not resistant to hostile enchantments, unstealthy
A: almost no armour, amphibious, 8 rings, constrict 8, camouflage 1, gelatinous
body 1
a: no special abilities


You were on level 3 of the Dungeon.
You were not hungry.

You visited 1 branch of the dungeon, and saw 4 of its levels.

You collected 198 gold pieces.

Inventory:

Hand weapons
 f - a +2 dagger of speed
 m - a +2 dagger of venom (weapon)
 n - a +1 mace of protection
Missiles
 r - 3 tomahawks (quivered)
Jewellery
 i - a +3 ring of evasion (left tentacle)
Magical devices
 o - a wand of frost (0)
Scrolls
 b - a scroll of blinking
 k - 2 scrolls of amnesia
 l - 2 scrolls of teleportation
 q - 2 scrolls of remove curse
 t - a scroll of enchant armour {unknown}
Potions
 c - a potion of curing
 e - a potion of cure mutation {unknown}
 g - 2 potions of haste
 j - 4 potions of heal wounds {unknown}
 s - a potion of poison {unknown}
 u - a potion of invisibility {unknown}
Books
 d - a book of Changes

   Spells                             Type                      Level
   a - Beastly Appendage              Transmutation                1
   b - Sticks to Snakes               Transmutation                2
   c - Spider Form                    Transmutation/Poison         3
   d - Ice Form                       Ice/Transmutation            4
   e - Blade Hands                    Transmutation                5
Comestibles
 a - 5 bread rations
 h - a meat ration
 p - a chunk of flesh


   Skills:
 - Level 1.0 Fighting
 + Level 3.8 Dodging
 * Level 5.8 Unarmed Combat
 - Level 3.0 Spellcasting
 - Level 3.0 Transmutations


You had 5 spell levels left.
You knew the following spells:

 Your Spells              Type           Power        Failure   Level  Hunger
a - Beastly Appendage     Trmt           ##....       6%          1    None
b - Blade Hands           Trmt           ##........   98%         5    ######.


Dungeon Overview and Level Annotations

Branches:
Dungeon (4/15)
 Temple: D:4-7

Altars:
Makhleb
Qazlal
Vehumet
The Shining One

Annotations:
D:3 exclusion: giant spore, Sigmund


Innate Abilities, Weirdness & Mutations

You cannot wear most types of armour.
You are amphibious.
You can wear up to eight rings at the same time.
You can use your tentacles to constrict many enemies at once.
Your skin changes colour to match your surroundings (Stealth).
Your rubbery body absorbs attacks (AC +1).


Message History

There is a stone staircase leading up here.
Eat one of 2 chunks of flesh? (ye/n/q/i?) This raw flesh tastes terrible.
You continue eating. x2
You feel sick.
You are no longer poisoned.
You climb upwards.
Level annotation: exclusion: giant spore, Sigmund A worm and a goblin come into view.
The giant spore waves its rhizomes.
A ballistomycete grows in the wake of the giant spore.
The giant spore explodes!
A fungus suddenly grows.
The explosion of spores engulfs the ballistomycete.
Sigmund appears confused.
The explosion of spores engulfs Sigmund.
A fungus suddenly grows.
The explosion of spores engulfs you!
You are confused.
Ouch! That really hurt!
You die...

#.........,,* #####
####...........**### #....
...........##..##..## #.###
####.......#........####### #.#<#
.....................#....# #.#.#
................g....#....###.#..
.......#####..P.Pw..##......#.###
.......# ###..@P....##......#....
.......#*#......@....#......#####
.......##............#......#....
#########..#........##......#.###
*..##..##..###......#.#
########**#...#.#### ###....#.###
.......####.K.#.########....#....
.....................)...........
######.####...##.#######.........
######.# #...##..# #.........


You could see Sigmund (confused), a worm (sleeping), a goblin (sleeping) and a
kobold (wandering).

Vanquished Creatures
  The ghost of Grim the Charmwright, an average HESk (D:3)
  An ogre (D:3)
  2 crimson imps (D:3)
  An orc wizard (D:3)
  A worker ant (D:4)
  Terence (D:3)
  7 adders
  3 gnolls (D:2)
  A giant mite (D:2)
  2 giant geckos
  2 oozes
  3 orcs (D:3)
  6 bats
  8 goblins
  4 hobgoblins
  4 jackals (D:2)
  2 quokkas
  3 giant newts
  5 kobolds
  6 rats
63 creatures vanquished.

Notes
Turn   | Place    | Note
--------------------------------------------------------------
     0 | D:1      | Kemay, the Octopode Transmuter, began the quest for the Orb.
     0 | D:1      | Reached XP level 1. HP: 13/13 MP: 3/3
   547 | D:1      | Reached XP level 2. HP: 18/18 MP: 4/4
  1312 | D:2      | Reached XP level 3. HP: 16/23 MP: 4/6
  2122 | D:3      | Noticed Terence
  2130 | D:3      | Killed Terence
  2130 | D:3      | Reached XP level 4. HP: 28/28 MP: 6/8
  2311 | D:3      | Noticed Sigmund
  2318 | D:3      | Noticed Grim's ghost (average HESk)
  2875 | D:2      | Reached XP level 5. HP: 30/33 MP: 9/11
  2939 | D:2      | Reached skill level 4 in Unarmed Combat
  3163 | D:2      | Found a stormy altar of Qazlal.
  3191 | D:2      | Found a glowing golden altar of the Shining One.
  3403 | D:3      | Found a burning altar of Makhleb.
  3403 | D:3      | Found a radiant altar of Vehumet.
  3546 | D:3      | Learned a level 5 spell: Blade Hands
  3670 | D:3      | Noticed an ogre
  3676 | D:3      | Reached XP level 6. HP: 23/38 MP: 10/12
  3676 | D:3      | Reached skill level 5 in Unarmed Combat
  3680 | D:3      | Killed an ogre
  3957 | D:3      | Killed Grim's ghost
  4543 | D:3      | Killed by an exploding giant spore

Action                   |  1- 3 |  4- 6 || total
-------------------------+-------+-------++-------
Melee: Spear             |    58 |       ||    58
       Unarmed           |     7 |       ||     7
       Dagger            |    15 |    31 ||    46
       Mace              |       |    66 ||    66
 Cast: Beastly Appendage |    12 |    18 ||    30
 Abil: End Transformatio |     2 |     5 ||     7
  Use: Scroll            |     8 |     1 ||     9
       Potion            |       |     1 ||     1
 Stab: Sleeping          |     3 |     3 ||     6
  Eat: Chunk             |     3 |     9 ||    12
